PBL
OAKLAND ATHLETICS @ TEXAS RANGERS
07/21/2071
 
TOP OF THE 1ST
Oakland Athletics batting - Pitching for Texas Rangers : RHP Rex Frazier
Pitching: RHP Rex Frazier
Batting: RHB Jorge Ibarra 0-0: Foul Ball, location: 2F
0-1: Fly out, F9 (Flyball, 9D, EV 108.1 MPH)
Batting: RHB Ed Burch 0-0: Called Strike
0-1: Ground out 6-3 (Groundball, 6, EV 105.0 MPH)
Batting: LHB Pablo Gonzáles 0-0: Called Strike
0-1: Swinging Strike
0-2: Ball
1-2: Foul Ball, location: 7LDF
1-2: Foul Ball, location: 2F
1-2: Ball
2-2: Strikes out looking
Top of the 1st over - 0 runs, 0 hits, 0 errors, 0 left on base; Oakland 0 - Texas 0
BOTTOM OF THE 1ST
Texas Rangers batting - Pitching for Oakland Athletics : RHP Michael Walker
Pitching: RHP Michael Walker
Batting: LHB Claudio Valenzuela 0-0: Called Strike
0-1: Ball
1-1: Fly out, F6 (Line Drive, 6M, EV 70.6 MPH)
Batting: LHB Ben Williamson 0-0: DOUBLE (Line Drive, 7LM, EV 101.9 MPH)
Batting: LHB Noburo Oike 0-0: Ball
1-0: DOUBLE (Flyball, 78XD, EV 98.8 MPH)
Ben Williamson scores
Batting: LHB Michael Gutiérrez 0-0: Ball
1-0: Ball
2-0: Foul Ball, location: 3F
2-1: Foul Ball, location: 5DF
2-2: Ground out 6-3 (Groundball, 6M, EV 85.6 MPH)
Noburo Oike to third
Batting: LHB Dave Baker 0-0: Called Strike
0-1: Ball
1-1: Ball
2-1: Ball
3-1: Swinging Strike
3-2: Fly out, F9 (Flyball, 9S, EV 88.1 MPH)
Bottom of the 1st over - 1 run, 2 hits, 0 errors, 1 left on base; Oakland 0 - Texas 1
TOP OF THE 2ND
Oakland Athletics batting - Pitching for Texas Rangers : RHP Rex Frazier
Batting: LHB Félix Castillo 0-0: Ball
1-0: Called Strike
1-1: Called Strike
1-2: Strikes out swinging
Batting: LHB Paul King 0-0: Ball
1-0: Foul Ball, location: 9LDF
1-1: Ball
2-1: SINGLE (Line Drive, 8LS, EV 98.8 MPH)
Batting: LHB José Pelingo 0-0: Ball
1-0: Foul Ball, location: 5F
1-1: Called Strike
1-2: Strikes out swinging
Batting: LHB Eric Dodd 0-0: Ball
Paul King is caught stealing 2nd base 2-6
Top of the 2nd over - 0 runs, 1 hit, 0 errors, 0 left on base; Oakland 0 - Texas 1
BOTTOM OF THE 2ND
Texas Rangers batting - Pitching for Oakland Athletics : RHP Michael Walker
Batting: SHB Cary Mench 0-0: Ball
1-0: Foul Ball, location: 9LMF
1-1: Swinging Strike
1-2: Fly out, F5 (Popup, 56S, EV 73.8 MPH)
Batting: RHB Alberto Morales 0-0: Swinging Strike
0-1: Fly out, F8 (Line Drive, 78M, EV 98.8 MPH)
Batting: LHB Todd O'Higgins 0-0: Called Strike
0-1: Ball
1-1: Called Strike
1-2: Ball
2-2: Foul Ball, location: 5SF
2-2: Ball
3-2: Foul Ball, location: 2F
3-2: Fly out, F8 (Flyball, 8LM, EV 89.4 MPH)
Bottom of the 2nd over - 0 runs, 0 hits, 0 errors, 0 left on base; Oakland 0 - Texas 1
TOP OF THE 3RD
Oakland Athletics batting - Pitching for Texas Rangers : RHP Rex Frazier
Batting: LHB Eric Dodd 0-0: Called Strike
0-1: Ground out 1-3 (Groundball, P, EV 76.3 MPH)
Batting: RHB Pablo Ayala 0-0: Ball
1-0: Called Strike
1-1: Called Strike
1-2: Foul Ball, location: 25FF
1-2: SINGLE (Line Drive, 4M, EV 98.8 MPH)
Batting: RHB Tom Yarbrough 0-0: Called Strike
0-1: Called Strike
0-2: Ball
1-2: Ball
2-2: Ball
3-2: Strikes out swinging
Batting: RHB Jorge Ibarra 0-0: Ball
1-0: Foul Ball, location: 2F
1-1: Foul Ball, location: 2RF
1-2: Ball
2-2: DOUBLE (Flyball, 8LXD, EV 103.1 MPH)
Pablo Ayala to third
Runner from 3rd tries for Home, SAFE, no throw by CF
Batting: RHB Ed Burch 0-0: Ball
1-0: Ball
2-0: Ground out 6-3 (Groundball, 6, EV 89.4 MPH)
Top of the 3rd over - 1 run, 2 hits, 0 errors, 1 left on base; Oakland 1 - Texas 1
BOTTOM OF THE 3RD
Texas Rangers batting - Pitching for Oakland Athletics : RHP Michael Walker
Batting: LHB Ken'ichi Matsuura 0-0: Foul Ball, location: 7LDF
0-1: Foul Ball, location: 5F
0-2: Ball
1-2: Ball
2-2: Ball
3-2: DOUBLE (Line Drive, 78D, EV 103.8 MPH)
Batting: LHB Claudio Valenzuela 0-0: Ball
1-0: Ball
2-0: Called Strike
2-1: Swinging Strike
2-2: Ball
3-2: Strikes out swinging
Batting: LHB Ben Williamson 0-0: SINGLE (Line Drive, 89S, EV 85.0 MPH)
Ken'ichi Matsuura to third
Batting: LHB Noburo Oike 0-0: Ball
1-0: Ball
2-0: Foul Ball, location: 5F
2-1: Ball
3-1: Base on Balls
Ben Williamson to second
Batting: LHB Michael Gutiérrez 0-0: Foul Ball, location: 3F
0-1: Ball
1-1: SINGLE (Line Drive, 89M, EV 101.9 MPH)
Ken'ichi Matsuura scores
Ben Williamson to third
Noburo Oike to second
Batting: LHB Dave Baker 0-0: Called Strike
0-1: Ball
1-1: Grounds into double play, 4-6-3 (Groundball, 4, EV 105.6 MPH)
Bottom of the 3rd over - 1 run, 3 hits, 0 errors, 2 left on base; Oakland 1 - Texas 2
TOP OF THE 4TH
Oakland Athletics batting - Pitching for Texas Rangers : RHP Rex Frazier
Batting: LHB Pablo Gonzáles 0-0: Ground out 1-3 (Groundball, P, EV 64.4 MPH)
Batting: LHB Félix Castillo 0-0: Ball
1-0: Ball
2-0: Called Strike
2-1: Ball
3-1: Base on Balls
Batting: LHB Paul King 0-0: Swinging Strike
0-1: Ball
1-1: Foul Ball, location: 2F
1-2: Strikes out swinging
Batting: LHB José Pelingo 0-0: Called Strike
Félix Castillo steals 2nd base
0-1: Ball
1-1: Swinging Strike
1-2: Strikes out swinging
Top of the 4th over - 0 runs, 0 hits, 0 errors, 1 left on base; Oakland 1 - Texas 2
BOTTOM OF THE 4TH
Texas Rangers batting - Pitching for Oakland Athletics : RHP Michael Walker
Batting: SHB Cary Mench 0-0: Ball
1-0: Ground out 6-3 (Groundball, 6D, EV 101.9 MPH)
Batting: RHB Alberto Morales 0-0: Swinging Strike
0-1: Foul Ball, location: 23F
0-2: Ball
1-2: Foul Ball, location: 3FF
1-2: SINGLE (Groundball, 5S, EV 64.4 MPH) (infield hit)
Batting: LHB Todd O'Higgins 0-0: Called Strike
0-1: Ball
1-1: Ball
2-1: Fly out, F6 (Line Drive, 6, EV 60.0 MPH)
Batting: LHB Ken'ichi Matsuura 0-0: Hit by Pitch
Alberto Morales to second
Batting: LHB Claudio Valenzuela 0-0: Foul Ball, location: 3FF
0-1: Fly out, F8 (Flyball, 78XD, EV 88.8 MPH)
Bottom of the 4th over - 0 runs, 1 hit, 0 errors, 2 left on base; Oakland 1 - Texas 2
TOP OF THE 5TH
Oakland Athletics batting - Pitching for Texas Rangers : RHP Rex Frazier
Batting: LHB Eric Dodd 0-0: Ground out 3-1 (Groundball, 34, EV 103.8 MPH)
Batting: RHB Pablo Ayala 0-0: Swinging Strike
0-1: Swinging Strike
0-2: Ball
1-2: Strikes out looking
Batting: RHB Tom Yarbrough 0-0: Ball
1-0: Called Strike
1-1: SINGLE (Line Drive, 78S, EV 110.0 MPH)
Batting: RHB Jorge Ibarra 0-0: Ball
1-0: Ball
Passed Ball!
Tom Yarbrough to second
2-0: Ball
3-0: Base on Balls
Batting: RHB Ed Burch 0-0: Called Strike
0-1: Fly out, F8 (Line Drive, 8LD, EV 86.9 MPH)
Top of the 5th over - 0 runs, 1 hit, 0 errors, 2 left on base; Oakland 1 - Texas 2
BOTTOM OF THE 5TH
Texas Rangers batting - Pitching for Oakland Athletics : RHP Michael Walker
Batting: LHB Ben Williamson 0-0: Ball
1-0: Foul Ball, location: 3F
1-1: SINGLE (Line Drive, 9S, EV 99.4 MPH)
Batting: LHB Noburo Oike 0-0: Called Strike
0-1: Ball
1-1: 2-RUN HOME RUN (Flyball, 7D, EV 96.9 MPH), Distance : 369 ft
Batting: LHB Michael Gutiérrez 0-0: Ball
1-0: Ball
2-0: Ball
3-0: Called Strike
3-1: Foul Ball, location: 7LMF
3-2: Strikes out looking
Batting: LHB Dave Baker 0-0: Ground out 1-3 (Groundball, 34S, EV 75.6 MPH)
Batting: SHB Cary Mench 0-0: Called Strike
0-1: Called Strike
0-2: Ball
1-2: Strikes out swinging
Bottom of the 5th over - 2 runs, 2 hits, 0 errors, 0 left on base; Oakland 1 - Texas 4
TOP OF THE 6TH
Oakland Athletics batting - Pitching for Texas Rangers : RHP Rex Frazier
Batting: LHB Pablo Gonzáles 0-0: Called Strike
0-1: Foul Ball, location: 9LDF
0-2: Ball
1-2: Ball
2-2: Fly out, F8 (Flyball, 8RM, EV 90.0 MPH)
Batting: LHB Félix Castillo 0-0: Ball
1-0: Called Strike
1-1: Ground out 5-3 (Groundball, 56S, EV 89.4 MPH)
Batting: LHB Paul King 0-0: Foul Ball, location: 3F
0-1: Ball
1-1: Swinging Strike
1-2: Ball
2-2: Strikes out looking
Top of the 6th over - 0 runs, 0 hits, 0 errors, 0 left on base; Oakland 1 - Texas 4
BOTTOM OF THE 6TH
Texas Rangers batting - Pitching for Oakland Athletics : RHP Michael Walker
Batting: RHB Alberto Morales 0-0: Swinging Strike
0-1: Ground out U3 (Groundball, 34, EV 85.6 MPH)
Batting: LHB Todd O'Higgins 0-0: Ball
1-0: Called Strike
1-1: Foul Ball, location: 5F
1-2: SOLO HOME RUN (Flyball, 8LXD, EV 106.9 MPH), Distance : 416 ft
Batting: LHB Ken'ichi Matsuura 0-0: Called Strike
0-1: Foul Ball, location: 7LDF
0-2: Ball
1-2: Ball
2-2: DOUBLE (Line Drive, 8RD, EV 98.8 MPH)
Pitching: RHP Nick Johnson
Batting: LHB Claudio Valenzuela 0-0: Called Strike
0-1: Swinging Strike
0-2: Ball
1-2: Ground out 4-3 (Groundball, 34, EV 80.0 MPH)
Ken'ichi Matsuura to third
Batting: LHB Ben Williamson 0-0: Ball
1-0: Ball
2-0: Called Strike
2-1: Ball
3-1: Foul Ball, location: 23F
3-2: SINGLE (Flyball, 6D, EV 91.3 MPH)
Ken'ichi Matsuura scores
Batting: LHB Noburo Oike 0-0: Ball
1-0: Foul Ball, location: 7LDF
1-1: Swinging Strike
1-2: Ball
2-2: Ground out 4-3 (Groundball, 34, EV 90.6 MPH)
Bottom of the 6th over - 2 runs, 3 hits, 0 errors, 1 left on base; Oakland 1 - Texas 6
TOP OF THE 7TH
Oakland Athletics batting - Pitching for Texas Rangers : RHP Rex Frazier
Batting: LHB José Pelingo 0-0: Ball
1-0: Ball
2-0: Ball
3-0: Called Strike
3-1: Foul Ball, location: 5F
3-2: Strikes out swinging
Pitching: RHP Jim Dawson
Batting: LHB Eric Dodd 0-0: Ball
1-0: Foul Ball, location: 7LMF
1-1: Ball
2-1: DOUBLE (Line Drive, 9LM, EV 100.6 MPH)
Batting: RHB Pablo Ayala 0-0: Ball
1-0: Swinging Strike
1-1: Foul Ball, location: 9LMF
1-2: Ball
2-2: Ball
3-2: Strikes out swinging
Batting: RHB Tom Yarbrough 0-0: Called Strike
0-1: Ground out 4-3 (Groundball, 4, EV 84.4 MPH)
Top of the 7th over - 0 runs, 1 hit, 0 errors, 1 left on base; Oakland 1 - Texas 6
BOTTOM OF THE 7TH
Texas Rangers batting - Pitching for Oakland Athletics : RHP Nick Johnson
Batting: LHB Michael Gutiérrez 0-0: Ball
1-0: Called Strike
1-1: Swinging Strike
1-2: Hit by Pitch
Batting: LHB Dave Baker 0-0: Ball
1-0: Foul Ball, location: 7LSF
1-1: Ball
2-1: DOUBLE (Line Drive, 8RXD, EV 105.6 MPH)
Michael Gutiérrez to third
Batting: SHB Cary Mench 0-0: Called Strike
0-1: SINGLE (Groundball, 4MS, EV 76.3 MPH) (infield hit)
Michael Gutiérrez scores
Dave Baker to third
Batting: RHB Alberto Morales 0-0: Foul Ball, location: 5FF
0-1: Reached on error, E6 (Groundball, 6, EV 96.9 MPH)
Dave Baker scores
Cary Mench to second
Batting: LHB Todd O'Higgins 0-0: Called Strike
0-1: Fly out, F8 (Flyball, 8LM, EV 98.1 MPH)
Batting: LHB Ken'ichi Matsuura 0-0: Called Strike
0-1: DOUBLE (Line Drive, 3D, EV 94.4 MPH)
Cary Mench scores
Alberto Morales to third
Runner from 3rd tries for Home, SAFE, throw by RF to trailing runner, SAFE at third!
Batting: LHB Claudio Valenzuela 0-0: Called Strike
0-1: Swinging Strike
0-2: Ground out 5-3 (Groundball, 56, EV 103.1 MPH)
Ken'ichi Matsuura scores
Batting: LHB Ben Williamson 0-0: Swinging Strike
0-1: SINGLE (Line Drive, 78S, EV 92.5 MPH)
Pitching: LHP Huong Ho-Dac
Batting: LHB Noburo Oike 0-0: Foul Ball, location: 3DF
0-1: Ball
1-1: Foul Ball, location: 2F
1-2: Strikes out swinging
Bottom of the 7th over - 5 runs, 4 hits, 1 error, 1 left on base; Oakland 1 - Texas 11
TOP OF THE 8TH
Oakland Athletics batting - Pitching for Texas Rangers : RHP Jim Dawson
Batting: RHB Jorge Ibarra 0-0: Ground out 2-3 (Groundball, 15S, EV 73.1 MPH)
Batting: RHB Ed Burch 0-0: Ground out 5-3 (Groundball, 5S, EV 70.0 MPH)
Batting: LHB Pablo Gonzáles 0-0: Swinging Strike
0-1: Fly out, F7 (Flyball, 78D, EV 99.4 MPH)
Top of the 8th over - 0 runs, 0 hits, 0 errors, 0 left on base; Oakland 1 - Texas 11
BOTTOM OF THE 8TH
Texas Rangers batting - Pitching for Oakland Athletics : LHP Huong Ho-Dac
Batting: LHB Michael Gutiérrez 0-0: Foul Ball, location: 9LSF
0-1: Foul Ball, location: 5SF
0-2: Ball
1-2: Ground out 4-3 (Groundball, 4, EV 104.4 MPH)
Batting: LHB Dave Baker 0-0: Called Strike
0-1: Ball
1-1: Called Strike
1-2: Ball
2-2: SINGLE (Groundball, 4MD, EV 98.1 MPH)
Batting: SHB Cary Mench 0-0: Called Strike
0-1: Foul Ball, location: 2F
0-2: Ball
1-2: Strikes out looking
Batting: RHB Alberto Morales 0-0: Fly out, F7 (Flyball, 7D, EV 95.0 MPH)
Bottom of the 8th over - 0 runs, 1 hit, 0 errors, 1 left on base; Oakland 1 - Texas 11
TOP OF THE 9TH
Oakland Athletics batting - Pitching for Texas Rangers : RHP Jim Dawson
Batting: LHB Félix Castillo 0-0: Ball
1-0: Ball
2-0: Fly out, F7 (Flyball, 7D, EV 98.8 MPH)
Pitching: RHP Michael Peterson
Batting: LHB Paul King 0-0: Ball
1-0: Ball
2-0: Ball
3-0: Called Strike
3-1: Called Strike
3-2: Strikes out swinging
Batting: LHB José Pelingo 0-0: Called Strike
0-1: Ball
1-1: Foul Ball, location: 2F
1-2: Foul Ball, location: 9LMF
1-2: Ball
2-2: SOLO HOME RUN (Flyball, 7D, EV 95.6 MPH), Distance : 381 ft
Batting: LHB Eric Dodd 0-0: Fly out, F9 (Flyball, 9LD, EV 86.3 MPH)
Top of the 9th over - 1 run, 1 hit, 0 errors, 0 left on base; Oakland 2 - Texas 11
Thursday, May 2nd , 2024 - OOTP Baseball 24.10 Build 82